 Dungeon Crawl Stone Soup version 0.27.1 (webtiles) character file.

Game seed: 1174224369020211081

217 Gwenloh the Slasher (level 6, -5/72 HPs)
             Began as a Human Fighter on Aug 30, 2021.
             Was an Initiate of Okawaru.
             Killed by divine providence
             ... invoked by an orc priest
              (15 damage)
             ... on level 4 of the Dungeon.
             The game lasted 00:09:19 (2844 turns).

Gwenloh the Slasher (Human Fighter)                 Turns: 2844, Time: 00:09:20

Health: -5/72      AC: 23    Str: 17    XL:     6   Next: 16%
Magic:  6/6        EV:  2    Int:  8    God:    Okawaru [......]
Gold:   78         SH:  9    Dex: 14    Spells: 5/5 levels left

rFire    . . .     SeeInvis .   a - +0 long sword
rCold    . . .     Faith    .   c - +0 kite shield
rNeg     + + +     Spirit   .   (armour currently unavailable)
rPois    +         Reflect  .   (helmet currently unavailable)
rElec    .         Harm     .   (cloak currently unavailable)
rCorr    .         Rampage  .   (gloves currently unavailable)
Will     .....     NoTele   +   (boots currently unavailable)
Stlth    +.........             (no amulet)
HPRegen  0.22/turn              (no ring)
MPRegen  0.10/turn              (no ring)

@: tree-form, attractive
A: stationary, stasis, torment immunity, boosted hp, (claws 1)
a: Renounce Religion


You were on level 4 of the Dungeon.
You worshipped Okawaru.
Okawaru was noncommittal.
You were a tree.
You visited 2 branches of the dungeon, and saw 7 of its levels.

You collected 78 gold pieces.

Inventory:

Hand Weapons
 a - a +0 long sword (weapon)
 s - a +1 vorpal fustibalus
Missiles
 e - 85 stones (quivered)
 j - 9 poisoned darts
Armour
 b - a +0 scale mail (melded)
 c - a +0 kite shield (worn)
 o - a +0 helmet of intelligence (melded)
Scrolls
 h - a scroll of amnesia {unknown}
 i - a scroll of magic mapping {unknown}
 k - a scroll of silence {unknown}
 m - a scroll of blinking {unknown}
 p - 4 scrolls of identify {unknown}
 q - 2 scrolls of enchant weapon {unknown}
Potions
 f - a potion of mutation
 l - a potion of curing
 n - a potion of cancellation {unknown}
 r - a potion of heal wounds


   Skills:
 + Level 4.1 Fighting
 * Level 4.4 Long Blades
 - Level 3.0 Armour
 + Level 4.0 Shields


You had 5 spell levels left.
You didn't know any spells.
Your spell library contained the following spells:

 Spells                   Type           Power      Damage    Failure   Level
 Animate Skeleton         Necr           0%         N/A       87%         1
 Pain                     Necr           0%         1d4       87%         1
 Ensorcelled Hibernation  Hex/Ice        0%         N/A       95%         2
 Spider Form              Tmut/Pois      0%         N/A       99%         3
 Vampiric Draining        Necr           0%         2d6       99%         3
 Shadow Creatures         Summ           N/A        N/A       100%        6


Dungeon Overview and Level Annotations

Branches:
Dungeon (6/15)             Temple (1/1) D:6

Altars:
Ashenzari
Cheibriados
Elyvilon
Gozag
Kikubaaqudgha
Okawaru
Ru
Sif Muna
Trog
Vehumet
Zin

Annotations:
D:3 1 runed translucent door, Crazy Yiuf


Innate Abilities, Weirdness & Mutations

You are a tree.
Your roots penetrate the ground, keeping you stationary.
You cannot be teleported.
You are immune to unholy pain and torment.
Your maximum health is greatly increased.
Your equipment is partially melded.
((You have sharp fingernails.))


Message History

* * * LOW HITPOINT WARNING * * *
The scorpion zombie hits you.
* * * LOW HITPOINT WARNING * * *
The orc priest is pulled toward you!
You slash the scorpion zombie!
The scorpion zombie is severely damaged.
You block the scorpion zombie's attack.
You hit the scorpion zombie.
The scorpion zombie is severely damaged.
You block the scorpion zombie's attack.
You hit the scorpion zombie.
The scorpion zombie is almost destroyed.
The scorpion zombie hits you but does no damage.
You block the scorpion zombie's attack. The orc priest is pulled toward you!
You hit the scorpion zombie but do no damage.
The scorpion zombie is almost destroyed.
The scorpion zombie hits you but does no damage.
You hit the scorpion zombie but do no damage.
The scorpion zombie is almost destroyed.
You block the scorpion zombie's attack.
The scorpion zombie hits you but does no damage.
You hit the scorpion zombie.
You destroy the scorpion zombie!
Okawaru accepts your kill. The orc priest is pulled toward you!
Your Shields skill increases to level 4!
You barely miss the orc priest.
The orc priest hits you but does no damage. x2
You hit the orc priest but do no damage.
The orc priest invokes the aid of Beogh against you.
Beogh smites you!
* * * LOW HITPOINT WARNING * * *
You hit the orc priest.
The orc priest is moderately wounded.
The orc priest hits you but does no damage.
You barely miss the orc priest.
The orc priest is moderately wounded.
The orc priest invokes the aid of Beogh against you.
Beogh smites you!
You die...

.....##...##
...!...>#..### .#
......§......### #.###
...≈≈§§≈≈≈≈≈o..##....#
##.≈...§...≈..##.....#
#.≈[#####.≈.##.....##
#..≈.#.....≈.........##
...≈ #._.#.≈..#.......#
#..≈ ....#....#♣......#
#####.§..##o.....#
.....§≈.##.....?..#
§≈≈§≈§≈.oZ........#
...§§...##........#
..#.....###...#####
........# ......#
.§....... #....##
§§.....#. #....#


You could see an orc priest.

Vanquished Creatures
  A scorpion (D:3)
  A hound (D:4)
  An iguana (D:3)
  A scorpion zombie (D:4)
  A hound skeleton (D:4)
  An adder (D:3)
  2 dart slugs (D:1)
  2 orcs (D:4)
  9 bats
  2 endoplasms (D:1)
  A giant cockroach (D:1)
  9 goblins
  6 hobgoblins
  4 ball pythons
  2 frilled lizards
  2 kobolds
  5 rats
50 creatures vanquished.

Notes
Turn   | Place    | Note
-------+----------+-------------------------------------------
     0 | D:1      | Gwenloh the Human Fighter began the quest for the Orb.
     0 | D:1      | Reached XP level 1. HP: 18/18 MP: 1/1
   245 | D:1      | Reached XP level 2. HP: 21/24 MP: 2/2
   608 | D:1      | Reached XP level 3. HP: 29/29 MP: 3/3
  1753 | D:3      | Reached XP level 4. HP: 9/35 MP: 4/4
  2043 | D:3      | Found a runed translucent door.
  2044 | D:3      | Noticed Crazy Yiuf
  2175 | D:3      | Noticed a scorpion
  2183 | D:3      | Killed a scorpion
  2184 | D:3      | Reached XP level 5. HP: 22/42 MP: 5/5
  2391 | D:3      | You fall into a shaft and drop 3 floors!
  2391 | D:6      | Found a staircase to the Ecumenical Temple.
  2394 | Temple   | Entered the Ecumenical Temple
  2527 | Temple   | Became a worshipper of Warmaster Okawaru
  2647 | D:6      | Found a broken altar of Ashenzari.
  2661 | D:6      | Noticed a yak
  2714 | D:5      | Entered Level 5 of the Dungeon
  2745 | D:5      | Noticed a steam dragon
  2812 | D:4      | Found a snail-covered altar of Cheibriados.
  2823 | D:4      | Gained mutation: You have sharp fingernails. [potion of
                  | mutation]
  2830 | D:4      | Reached XP level 6. HP: 6/48 MP: 6/6
  2844 | D:4      | Killed from afar by an orc priest

Illustrated notes

Levels and vault maps discovered:
D:1:      lightli_arrival_noodles, layout_basic, serial_forest,
          infiniplex_forest_zigzag_2, infiniplex_forest_clump_small,
          infiniplex_forest_clump_curved, infiniplex_forest_lined_2,
          infiniplex_forest_straight_4, infiniplex_forest_corner_1,
          infiniplex_forest_side_room
D:2:      layout_rooms
D:3:      layout_loops_ring, mainiacjoe_overflow_catwalk, serial_park_tiny_1,
          uniq_crazy_yiuf_cottage
D:4:      layout_cave_pools, mainiacjoe_overflow_brackets, minitemple,
          tso_oasis_becter, serial_undead, serial_undead_a, serial_undead_e,
          serial_undead_c, serial_undead_b, serial_undead_d, serial_undead_a
D:5:      layout_rooms, nemelex_diamond_rough_becter,
          nicolae_qazlal_general_emergency, serial_shops,
          nicolae_shop_temple_entry_statues_fountains, uniq_blork_the_orc
D:6:      layout_cave_pods, mainiacjoe_overflow_paths, lemuel_doored_altar,
          jmf_multi_god_temple, temple_fountains, uniq_grinder
Temple:   nicolae_temple_figure_zero

Skill      XL: |  1  2  3  4  5  6 |
---------------+-------------------+-----
Long Blades    | 3 4 |  4.4
Fighting       | 4 |  4.1
Shields        | 4 |  4.0
Armour         | |  3.0

Action                   |  1- 3 |  4- 6 || total
-------------------------+-------+-------++-------
Melee: Long sword        |    95 |    68 ||   163
 Fire: Fustibalus        |       |     1 ||     1
Throw: Stone             |    53 |     8 ||    61
       Dart              |       |     4 ||     4
  Use: Potion            |     1 |     5 ||     6
Armor: Scale mail        |    54 |    33 ||    87
       Skin              |       |     7 ||     7
Dodge: Dodged            |    29 |    15 ||    44
Block: Kite shield       |    47 |    37 ||    84
       Rpst.: Long sword |     9 |     5 ||    14
